cohdb
Replays
Latest Replays
All Replays
Popular Replays
Top Player Replays
Match Explorer
How It Works
Community
CoH3 Stats
Reddit
Sign in to upload your games and track your stats! →
Sign in with Steam
Match 43009772
Unlisted
Match 43009772
Overview
Messages
Build Orders
End
Construct Infanterie Kompanie
Selects Terror Battlegroup
Selects Machine Gun Camouflage
Kettenkrad Recon Vehicle
MG 42 Machine Gun Team
Grenadier Squad
Grenadier Squad
Medical Station
Construct Panzergrenadier Kompanie
Pak 40 Anti-tank Gun Team
Selects Contempt for the Weak
251 Medium Carrier
Pioneer Squad
Infanterie Officer Quarters
Panzergrenadier Squad
Support Elements
Nebelwerfer 42 Rocket Launcher Team
251 Medium Carrier
Selects Jericho Trumpet
Side Skirts
Construct Panzer Kompanie
MG 42 Machine Gun Team
Jericho Trumpet
Selects V1 Rocket Strike
Panzer IV Medium Tank
V1 Rocket Strike
Jericho Trumpet
V1 Rocket Strike
Pioneer Squad
Selects Defend the Fatherland
Panzer IV Medium Tank
Panzer IV Medium Tank
Jericho Trumpet
Panzer Officer Quarters
V1 Rocket Strike
Selects King Tiger Heavy Tank
King Tiger Heavy Tank
Vogot2
✠-Ober-✠
limbo
ganxuezhao1
HelloFriends :D
dl5277
Justy
matrix4x4
0
0
Comments
sign in to comment!
No comments posted yet!